 Dungeon Sprint DCSS version 0.30-a0-457-g4b7bca3bfa (webtiles) character file.

Game seed: 15493280334147640220

9142 mhtbhm the Peltast (level 11, -1/111 HPs)
             Began as a Minotaur Fighter on Dec 13, 2022.
             Was the Champion of Trog.
             Killed by divine providence
             ... invoked by a royal mummy
              (10 damage)
             ... in the Dungeon (Sprint V: "Ziggurat Sprint").
             The game lasted 00:07:21 (1094 turns).

mhtbhm the Peltast (Minotaur Fighter)               Turns: 1094, Time: 00:07:21

Health: -1/111     AC: 28    Str: 37    XL:     11   Next: 19%
Magic:  10/10      EV:  2    Int:  5    God:    Trog [******]
Gold:   0          SH: 32    Dex: 12    Spells: 10/10 levels left

rFire   + + .      SeeInvis .    a - +8 lance "Wyrmbane" {slay drac, rPois rF+ rC+ AC+3}
rCold   + + +      Faith    .    c - +18 shield of the Gong {rElec rN+ Will+ EV-5}
rNeg    + . .      Spirit   .    b - +5 gold dragon scales
rPois   +          Reflect  .    (helmet restricted)
rElec   +          Harm     .    (no cloak)
rCorr   .          Rampage  .    (no gloves)
Will    +....      NoTele   +    (no boots)
Stlth   ..........               F - amulet "Epyjaen" {Acrobat rC+ Dex+2}
HPRegen 0.38/turn                x - +6 ring of strength
MPRegen 0.12/turn                y - +6 ring of strength

@: mighty, slowed, very slow
A: horns 2, retaliatory headbutt
a: Renounce Religion, Berserk, Trog's Hand, Brothers in Arms


You were in the Dungeon.
You worshipped Trog.
Trog was exalted by your worship.
You visited 1 branch

Inventory:

Hand Weapons
 a - the +8 lance "Wyrmbane" (weapon) {slay drac, rPois rF+ rC+ AC+3}
   (You found it in the Dungeon)

   It inflicts extra damage against dragons and draconians.
   AC:        It affects your AC (+3).
   rF:        It protects you from fire.
   rC:        It protects you from cold.
   rPois:     It protects you from poison.
Armour
 b - +5 gold dragon scales (worn)
 c - the +18 shield of the Gong (worn) {rElec rN+ Will+ EV-5}
   (You found it in the Dungeon)

   It is deafeningly noisy when blocking attacks.
   EV:        It affects your evasion (-5).
   rElec:     It insulates you from electricity.
   rN:        It protects you from negative energy.
   Will:      It increases your willpower.
Jewellery
 s - the ring of Oled {rElec rC++ Str-4 Dex+4 SInv}
   (You found it in the Dungeon)

   [ring of see invisible]

   Str:       It affects your strength (-4).
   Dex:       It affects your dexterity (+4).
   rC:        It greatly protects you from cold.
   rElec:     It insulates you from electricity.
   SInv:      It lets you see invisible.
 u - a ring of resist corrosion
 x - a +6 ring of strength (left hand)
 y - a +6 ring of strength (right hand)
 C - the ring of Vyhygel {rF+ Int+2 Dex+6 Slay+3}
   (You found it in the Dungeon)

   [ring of dexterity]

   Int:       It affects your intelligence (+2).
   Dex:       It affects your dexterity (+6).
   Slay:      It affects your accuracy & damage with ranged weapons and melee
   (+3).
   rF:        It protects you from fire.
 F - the amulet "Epyjaen" (around neck) {Acrobat rC+ Dex+2}
   (You found it in the Dungeon)

   [amulet of the acrobat]

   It increases your evasion while moving and waiting.
   Dex:       It affects your dexterity (+2).
   rC:        It protects you from cold.
Wands
 z - a wand of mindburst (7)
 A - a wand of acid (6)
Scrolls
 j - a scroll of blinking
 o - 4 scrolls of amnesia
 p - 7 scrolls of fog
 q - 5 scrolls of identify
 r - 2 scrolls of fear
 t - 4 scrolls of enchant armour
 G - 4 scrolls of enchant weapon
Potions
 d - 6 potions of might
 e - 9 potions of curing
 f - 14 potions of heal wounds
 g - 10 potions of haste
 h - 7 potions of magic
 i - 2 potions of berserk rage
 k - 2 potions of brilliance
 l - 2 potions of invisibility
 m - 4 potions of resistance
 n - a potion of experience
Miscellaneous
 v - a condenser vane (inert)
 w - a box of beasts
 B - a lightning rod (4/4)
 D - a phial of floods
 E - a phantom mirror (inert)


   Skills:
 + Level 14.7 Fighting
 + Level 14.6 Polearms
 + Level 15.5 Armour
 + Level 3.5 Stealth
 + Level 19.3 Shields
 + Level 5.4 Evocations


You had 10 spell levels left.
You didn't know any spells.
Your spell library was empty.

Dungeon Overview and Level Annotations

Branches:
Dungeon (1/1)

Altars:
Ashenzari
Cheibriados
Dithmenos
Elyvilon
Fedhas
Gozag
Hepliaklqana
Kikubaaqudgha
Makhleb
Nemelex Xobeh
Okawaru
Qazlal
Ru
Sif Muna
Trog
Uskayaw
Vehumet
Wu Jian
Xom
Yredelemnul
Zin
The Shining One
Jiyva
Lugonu

Annotations:
D 1 transporter


Innate Abilities, Weirdness & Mutations

You have a pair of horns on your head.
You reflexively headbutt those who attack you in melee.


Message History

GONNNNG!
The death scarab waves its antennae. x2
Your royal mummy hits the royal mummy!
The royal mummy gestures wildly while chanting.
Send 'em back where they came from!
Your royal mummy shimmers and vanishes!
The royal mummy casts a spell.
The royal mummy mumbles some strange words.
The death scarab bites you!
* * * LOW HITPOINT WARNING * * *
The death scarab drains your vigour!
You feel as though you will be slow longer.
The death scarab bites you but does no damage.
You block the death scarab's attack.
GONNNNG!
The guardian mummy hits you but does no damage.
Blink to where?
Press: ? - help, Dir - move target, p - royal mummy
As you read the scroll of blinking, it crumbles to dust.
The death scarab disappears in a puff of smoke!
The death scarab waves its antennae.
You block the death scarab's attack.
GONNNNG!
The royal mummy mumbles some strange words.
The royal mummy casts a spell at you. Something smites you!
* * * LOW HITPOINT WARNING * * *
You block the death scarab's attack.
PANG!
Blink to where?
Press: ? - help, Dir - move target
As you read the scroll of blinking, it crumbles to dust.
You block the death scarab's attack.
PANG!
The royal mummy points at you and mumbles some strange words.
Something smites you!
* * * LOW HITPOINT WARNING * * *
The royal mummy points at you and mumbles some strange words.
Something smites you!
You die...

▓▓▓▓▓▓▓▓▓▓▓▓▓▓▓▓▓▓
▓.§.8©8...▓...8©8.
▓..)|[MM..▓...}=:)
▓.§§BMB§..▓..}[)..
▓BBM○BB○..▓.)..)..
▓BBZBZB§M.▓...)..)
▓BBBBMs...▓....†).
▓BBB.z....▓....†..
▓@.s.M.sZ.▓.......
▓.▓.....▓.▓.▓.))..
▓....©....▓....©..
▓▓▓▓▓▓▓▓▓▓▓▓▓▓▓▓▓▓


You could see 4 royal mummies, 3 emperor scorpions, a mummy priest, 2 guardian
mummies, 17 death scarabs, a flying skull, a ball python simulacrum, a bat
skeleton and a quokka skeleton.

Vanquished Creatures
  A two-headed ogre (D)
  2 hell hogs (D)
  A spriggan druid (D)
  An orc knight (D)
  An orc sorcerer (D)
  A moth of wrath (D)
  An unseen horror (D)
  7 merfolk (D)
  A troll (D)
  A tarantella (D)
  2 wind drakes (D)
  A slime creature (D)
  A jumping spider (D)
  A golden eye (D)
  A warg (D)
  2 hell hounds (D)
  2 floating eyes (D)
  2 orc warriors (D)
  3 black bears (D)
  An ogre (D)
  2 wolves (D)
  2 small abominations (D)
  5 centaurs (D)
  A phantom (D)
  3 scorpions (D)
  2 wights (D)
  A crimson imp (D)
  6 jellies (D)
  2 iron imps (D)
  An ufetubus (D)
  A bat zombie (D)
  3 fire vortices (D)
62 creatures vanquished.

Vanquished Creatures (collateral kills)
  An orc knight (D)
1 creature vanquished.

Vanquished Creatures (others)
  A fire vortex (D)
1 creature vanquished.

Grand Total: 64 creatures vanquished

Notes
Turn   | Place    | Note
-------+----------+-------------------------------------------
     0 | D        | mhtbhm the Minotaur Fighter began the quest for the Orb.
     0 | D        | Reached XP level 1. HP: 19/19 MP: 0/0
     0 | D        | Found a shimmering blue altar of Sif Muna.
     0 | D        | Found a bloodstained altar of Trog.
     0 | D        | Found a sacrificial altar of Ru.
     0 | D        | Found a stormy altar of Qazlal.
     0 | D        | Found an iron altar of Okawaru.
     1 | D        | Found a sparkling altar of Nemelex Xobeh.
     1 | D        | Found a blossoming altar of Fedhas.
     1 | D        | Found the +6 Majin-Bo {vamp, MP+6 Int+6}
     1 | D        | Found the +27 heavy crossbow "Sniper" {vorpal, Acc+∞ SInv}
     1 | D        | Found the +10 dark maul {vorpal}
     1 | D        | Found the +15 Maxwell's patent armour {-Cast -Tele rElec
                  | Will+ rCorr}
     1 | D        | Found the +18 shield of the Gong {rElec rN+ Will+ EV-5}
     1 | D        | Found the +14 obsidian axe {vorpal, Mesm Drain Fly SInv}
     1 | D        | Found the +7 great mace "Firestarter" {inner flame, rF++}
     1 | D        | Found the +6 shillelagh "Devastator" {shatter}
     1 | D        | Found the +11 plutonium sword {Contam Stlth-}
     1 | D        | Found the +8 lance "Wyrmbane" {slay drac, rPois rF+ rC+
                  | AC+3}
     1 | D        | Found the +9 sword of Zonguldrok {reap}
     1 | D        | Found the +13 scythe of Curses {drain, Drain}
     1 | D        | Found the +5 sword of Power {vorpal}
     1 | D        | Found the +7 mace of Variability {chain chaos}
     1 | D        | Found the +7 Singing Sword {vorpal, sonic wave}
     1 | D        | Found the +8 storm bow {elec, penet}
     3 | D        | Found a transporter.
     3 | D        | Found an ancient bone altar of Kikubaaqudgha.
     3 | D        | Found a viscous altar of Jiyva.
     3 | D        | Found a corrupted altar of Lugonu.
     3 | D        | Found a hazy altar of Hepliaklqana.
     3 | D        | Found a burning altar of Makhleb.
     3 | D        | Found an opulent altar of Gozag.
   102 | D        | Became a worshipper of Trog the Wrathful
   116 | D        | Entered arena 2.
   116 | D        | Noticed a tarantella
   116 | D        | Noticed a scorpion
   116 | D        | Found a transporter.
   121 | D        | Killed a tarantella
   122 | D        | Reached skill level 8 in Shields
   122 | D        | Reached XP level 2. HP: 35/35 MP: 1/1
   122 | D        | Reached XP level 3. HP: 40/40 MP: 2/2
   122 | D        | Reached XP level 4. HP: 48/48 MP: 3/3
   122 | D        | Reached XP level 5. HP: 53/53 MP: 4/4
   125 | D        | Reached skill level 9 in Shields
   292 | D        | Entered arena 3.
   292 | D        | Noticed a jumping spider
   292 | D        | Found a transporter.
   299 | D        | Killed a jumping spider
   299 | D        | Reached * piety under Trog
   300 | D        | Reached skill level 5 in Polearms
   300 | D        | Reached skill level 10 in Armour
   300 | D        | Reached skill level 10 in Shields
   300 | D        | Reached XP level 6. HP: 61/66 MP: 5/5
   301 | D        | Reached skill level 10 in Fighting
   305 | D        | Reached skill level 11 in Shields
   305 | D        | Reached XP level 7. HP: 68/72 MP: 6/6
   318 | D        | Entered arena 4.
   318 | D        | Found a transporter.
   320 | D        | Reached ** piety under Trog
   355 | D        | Entered arena 5.
   355 | D        | Found a transporter.
   357 | D        | Reached *** piety under Trog
   360 | D        | Reached skill level 12 in Shields
   388 | D        | Entered arena 6.
   388 | D        | Noticed a merfolk
   388 | D        | Noticed a merfolk
   388 | D        | Noticed a merfolk
   388 | D        | Noticed a merfolk
   388 | D        | Noticed a merfolk
   388 | D        | Found a transporter.
   400 | D        | Killed a merfolk
   400 | D        | Reached **** piety under Trog
   401 | D        | Reached skill level 13 in Shields
   401 | D        | Reached XP level 8. HP: 82/82 MP: 7/7
   406 | D        | Killed a merfolk
   421 | D        | Killed a merfolk
   422 | D        | Reached skill level 14 in Shields
   425 | D        | Killed a merfolk
   425 | D        | Reached ***** piety under Trog
   430 | D        | Killed a merfolk
   431 | D        | Reached skill level 15 in Shields
   568 | D        | Entered arena 7.
   568 | D        | Noticed a slime creature
   569 | D        | Paralysed by a floating eye for 2 turns
   572 | D        | Reached XP level 9. HP: 90/90 MP: 8/8
   580 | D        | Received a gift from Trog
   581 | D        | Reached skill level 10 in Polearms
   581 | D        | Reached skill level 1 in Evocations
   581 | D        | Found a transporter.
   626 | D        | Entered arena 8.
   626 | D        | Noticed a spriggan druid
   627 | D        | Found a transporter.
   630 | D        | Reached skill level 16 in Shields
   633 | D        | Killed a spriggan druid
   640 | D        | Received a gift from Trog
   650 | D        | Got the ring of Vyhygel {rF+ Int+2 Dex+6 Slay+3}
   680 | D        | Entered arena 9.
   683 | D        | Reached skill level 17 in Shields
   685 | D        | Found a transporter.
   692 | D        | Killed an unseen horror
   692 | D        | Reached ****** piety under Trog
   693 | D        | Reached skill level 1 in Stealth
   693 | D        | Reached XP level 10. HP: 100/101 MP: 9/9
   747 | D        | Got the ring of Oled {rElec rC++ Str-4 Dex+4 SInv}
   749 | D        | Got the ring "Cefraxze" {Wiz Fly Will+ Str+2}
   760 | D        | Entered arena 10.
   760 | D        | Noticed a hell hog
   760 | D        | Noticed a hell hog
   765 | D        | Received a gift from Trog
   767 | D        | Killed a hell hog
   771 | D        | Killed a hell hog
   772 | D        | Reached skill level 18 in Shields
   772 | D        | Found a transporter.
   789 | D        | Got the amulet "Epyjaen" {Acrobat rC+ Dex+2}
   837 | D        | Entered arena 11.
   839 | D        | Found a transporter.
   846 | D        | Received a gift from Trog
  1005 | D        | Entered arena 12.
  1005 | D        | Noticed a two-headed ogre
  1005 | D        | Noticed an orc knight
  1005 | D        | Noticed a moth of wrath
  1005 | D        | Noticed an orc knight
  1005 | D        | Noticed an orc sorcerer
  1007 | D        | Found the +8 autumn katana {vorpal, manifold assault}
  1011 | D        | Killed an orc sorcerer
  1012 | D        | Reached skill level 15 in Armour
  1012 | D        | Killed an orc knight
  1012 | D        | Received a gift from Trog
  1017 | D        | Killed a two-headed ogre
  1018 | D        | Reached skill level 19 in Shields
  1018 | D        | Reached XP level 11. HP: 111/111 MP: 10/10
  1018 | D        | Found a transporter.
  1018 | D        | Killed an orc knight
  1019 | D        | Reached skill level 5 in Evocations
  1084 | D        | Entered arena 13.
  1084 | D        | Found the +3 greatsling "Punk" {acid, rCorr}
  1084 | D        | Noticed a mummy priest
  1084 | D        | Noticed a royal mummy
  1084 | D        | Noticed a royal mummy
  1086 | D        | Noticed a royal mummy
  1087 | D        | Noticed a royal mummy
  1088 | D        | Noticed a death scarab
  1088 | D        | Noticed a death scarab
  1089 | D        | Noticed a death scarab
  1089 | D        | Noticed a death scarab
  1089 | D        | Noticed a death scarab
  1090 | D        | Noticed a death scarab
  1090 | D        | Found a transporter.
  1090 | D        | Noticed a death scarab
  1090 | D        | Noticed a death scarab
  1091 | D        | Noticed a death scarab
  1091 | D        | Noticed a death scarab
  1093 | D        | Noticed an emperor scorpion
  1093 | D        | Noticed an emperor scorpion
  1093 | D        | Noticed an emperor scorpion
  1093 | D        | Noticed a death scarab
  1093 | D        | Noticed a death scarab
  1093 | D        | Noticed a death scarab
  1093 | D        | Noticed a death scarab
  1094 | D        | Noticed a death scarab
  1094 | D        | Noticed a death scarab
  1094 | D        | Noticed a death scarab
  1094 | D        | Noticed a death scarab
  1094 | D        | Killed from afar by a royal mummy

Illustrated notes

Levels and vault maps discovered:
D:        sprint_v [room_start, room_1, room_2, room_3, room_4, room_5, room_6,
          room_7, room_8, room_9, room_10, room_11, room_12, room_13, room_14,
          room_15, room_16, room_17, room_18, room_19, room_20, room_21,
          room_22, room_23, room_24, room_25, room_26, room_27]

Skill      XL: |  1  2  3  4  5  6  7  8  9 10 11 |
---------------+----------------------------------+-----
Fighting       | 8 9 10 11 12 13 14 | 14.7
Polearms       | 4 5 7 9 12 14 | 14.6
Armour         | 8 10 11 12 13 15 | 15.5
Shields        | 8 10 11 13 15 17 19 | 19.3
Evocations     | 2 4 5 |  5.4
Stealth        | 1 3 |  3.5

Action                   |  1- 3 |  4- 6 |  7- 9 | 10-12 || total
-------------------------+-------+-------+-------+-------++-------
Melee: Lance             |     4 |    14 |    80 |    40 ||   138
       Headbutt          |     1 |     1 |     7 |     8 ||    17
Invok: Berserk           |       |       |     2 |     2 ||     4
Evoke: Condenser vane    |       |       |     2 |     4 ||     6
       Box of beasts     |       |       |     1 |     2 ||     3
       Wand              |       |       |     1 |       ||     1
       Lightning rod     |       |       |     1 |     4 ||     5
       Phial of floods   |       |       |       |     1 ||     1
       Phantom mirror    |       |       |       |     1 ||     1
  Use: Potion            |     1 |       |     1 |     5 ||     7
       Scroll            |       |       |       |     3 ||     3
 Stab: Confused          |       |       |     1 |     5 ||     6
Armor: Gold dragon scale |     2 |     7 |    31 |    12 ||    52
Dodge: Dodged            |       |     2 |     1 |     1 ||     4
Block: Kite shield       |     6 |    20 |   100 |    23 ||   149

Table legend: (Time is in decaauts)
 A = Elapsed time spent in this place.
 B = Non-inter-level travel time spent in this place.
 C = Inter-level travel time spent in this place.
 D = Time resting spent in this place.
 E = Time spent auto-exploring this place.
 F = Levels seen in this place.
 G = Mean time per level.
                   A        B        C        D        E       F      G
               +--------+--------+--------+--------+--------+-----+--------+
         Total |   1098 |   1098 |      0 |    577 |      0 |   1 | 1098.0 |
       Dungeon |   1098 |   1098 |      0 |    577 |      0 |   1 | 1098.0 |
               +--------+--------+--------+--------+--------+-----+--------+

Top non-repeatable levels by time:
       D: 1098 daAuts
